 Dungeon Crawl Stone Soup version 0.13.0-7-g3df9ff1 (console) character file.

728 Illaniel the Slasher (level 7, -5/45 HPs)
             Began as a High Elf Skald on Oct 16, 2013.
             Slain by a big kobold
             ... wielding a +2,+0 elven short sword
              (7 damage)
             ... in a sewer.
             The game lasted 00:19:20 (4075 turns).

Illaniel the Slasher (High Elf Skald)               Turns: 4075, Time: 00:19:20

HP  -5/45        AC  5     Str 11      XL: 7   Next: 13%
MP   1/19        EV 11     Int 18      God:
Gold 152         SH  0     Dex 15      Spells:  4 memorised,  5 levels left

Res.Fire  : + . .   See Invis. : .   a - +0,-2 elf falchion
Res.Cold  : + . .   Warding    : .   b - +0 elf leather armour
Life Prot.: . . .   Conserve   : +   (no shield)
Res.Poison: +       Res.Corr.  : .   r - +0 orc visored helmet
Res.Elec. : +       Clarity    : .   (no cloak)
Sust.Abil.: . .     Spirit.Shd : .   j - +0 pair of gauntlets
Res.Mut.  : .       Stasis     : .   (no boots)
Res.Rott. : .       Flight     : .   w - amulet of conservation
Saprovore : . . .                    (no ring)
                                     t - ring of poison resistance

@: confused, very slightly contaminated, slightly resistant to hostile
enchantments, very unstealthy
A: no striking features
a: Stop Singing


You were in a sewer.
You were very hungry.

You visited 1 branch of the dungeon, and saw 5 of its levels.
You also visited: Sewer.

You collected 132 gold pieces.

Inventory:

Hand weapons
 a - a +0,-2 elven falchion (weapon)
Missiles
 n - 15 poisoned needles
Armour
 b - a +0 elven leather armour (worn)
 j - a +0 pair of gauntlets (worn)
 r - a +0 orcish visored helmet (worn)
Comestibles
 d - 2 bread rations
 f - a pear
 g - 3 meat rations
 A - a choko
Scrolls
 e - 5 scrolls of teleportation {unknown}
 i - a scroll of identify
 k - 6 scrolls of blinking
 l - 4 scrolls of fear {unknown}
 o - a scroll of curse jewellery
 p - 2 scrolls of fog
 q - a scroll of remove curse
 u - a scroll of random uselessness
 v - a scroll of noise
 x - 2 scrolls of enchant weapon II
 y - a scroll of enchant weapon I
Jewellery
 t - a ring of poison resistance (left hand)
 w - an amulet of conservation (around neck)
Potions
 m - a potion of paralysis
 D - a potion of brilliance {unknown}
 E - a potion of poison {unknown}
Books
 c - a book of Battle

   Spells                             Type                      Level
   *Infusion                          Charms                       1
   *Shroud of Golubria                Charms/Translocation         2
   *Song of Slaying                   Charms                       2
   *Spectral Weapon                   Hexes/Charms                 3
   Regeneration                       Charms/Necromancy            3
   Song of Shielding                  Charms                       4


   Skills:
 * Level 3.5 Fighting
 * Level 4.8 Long Blades
 * Level 2.7 Armour
 * Level 2.6 Dodging
 + Level 2.6 Stealth
 * Level 3.9 Spellcasting
 + Level 4.4 Charms
 + Level 1.3 Translocations


You had 5 spell levels left.
You knew the following spells:

 Your Spells              Type           Power        Failure   Level  Hunger
a - Infusion              Chrm           ###...       2%          1    None
b - Song of Slaying       Chrm           ###.......   4%          2    ##.....
c - Spectral Weapon       Hex/Chrm       ##......     21%         3    ###....
h - Shroud of Golubria    Chrm/Tloc      ##........   10%         2    ##.....


Dungeon Overview and Level Annotations

Branches:
Dungeon (5/27)
 Temple: D:4-7

Altars:
Yredelemnul
the Shining One

Shops:
D:4 (

Annotations:
D:4 Eustachio
D:5 Ijyb, Menkaure


Message History

Your spectral weapon hits the big kobold but does no damage.
The big kobold hits your spectral weapon with an elven short sword.
The big kobold hits you with a whip.
* * * LOW HITPOINT WARNING * * *
You hit the big kobold but do no damage.
The big kobold is almost dead.
Your spectral weapon hits the big kobold but does no damage.
The big kobold closely misses you. The worm bites you.
* * * LOW HITPOINT WARNING * * *
The big kobold splashes around in the water.
Drink which item? (? for menu, Esc to quit)
You are confused.
It was a potion of confusion.
The big kobold hits you but does no damage.
The big kobold splashes around in the water.
Drink which item? (? for menu, Esc to quit)
You feel protected.
It was a potion of resistance.
The big kobold hits you with an elven short sword!
You die...

▒▒≈≈∙≈∙≈≈▒▒ ▒∙
∙▒▒≈∙≈∙≈∙≈≈≈▒▒∙∙≈≈
≈∙≈≈∙∙∙≈∙∙≈∙≈≈≈≈∙▒
∙≈∙≈≈∙≈∙≈∙≈≈≈∙≈≈≈▒
≈≈∙≈≈≈≈∙∩∙∙∙≈≈∙≈≈▒
∙≈≈≈≈∙∙∙∙∙∙∙∙≈≈≈≈▒
≈∙∙≈≈∙∙∩∙≈≈≈∙∙≈≈▒
≈≈≈∙∙≈∙∙∙∙∙∙≈≈≈≈▒▒
≈≈≈∙∙≈≈≈∙∙≈≈∙∙∙∙≈▒▒ ▒▒▒▒▒
▒▒≈≈∙∙≈∙∙∙≈▒▒∙≈w∙▒▒▒▒≈≈≈∙
▒▒≈≈∙≈≈≈≈▒▒▒▒@K(∙∙≈≈≈▒
▒∙∙∙≈∙∙≈▒ ▒∙K∙≈≈≈≈≈▒ ▒
≈≈≈≈≈∙≈≈≈
▒▒∙≈≈∙∙≈≈▒▒▒≈≈≈≈K
≈≈≈≈≈≈≈∙≈∙ ▒▒▒▒▒▒▒≈≈∙∙≈▒
≈▒▒▒▒▒∙∙≈ ▒▒▒▒▒≈w≈≈∙ ▒▒∙∙
▒▒ ▒≈≈


You could see a worm, 2 big kobolds and a friendly spectral elven falchion.

Vanquished Creatures
  Blork the orc (D:4)
  2 orc priests (D:4)
  4 hounds
  A jelly (D:5)
  2 worker ants (D:4)
  A green rat (D:5)
  10 adders
  A giant mite (D:1)
  3 worms
  2 grey rats (D:5)
  4 giant geckos
  An ooze (D:2)
  10 orcs
  2 ball pythons
  9 giant cockroaches
  7 hobgoblins
  A quokka (D:2)
  3 bats
  7 giant newts
  11 goblins
  8 jackals (D:1)
  2 jackal skeletons (D:4)
  15 kobolds
  8 rats
  A rat skeleton (D:3)
  A spectral orc (D:3)
117 creatures vanquished.

Vanquished Creatures (others)
  A spectral weapon (Sewer)
  An orc wizard (D:4)
2 creatures vanquished.

Grand Total: 119 creatures vanquished

Notes
Turn   | Place    | Note
--------------------------------------------------------------
     0 | D:1      | Illaniel, the High Elf Skald, began the quest for the Orb.
     0 | D:1      | Reached XP level 1. HP: 13/13 MP: 4/4
    10 | D:1      | Reached skill level 1 in Armour
   192 | D:1      | Reached XP level 2. HP: 11/18 MP: 0/6
   207 | D:1      | Learned a level 2 spell: Song of Slaying
   211 | D:1      | Learned a level 2 spell: Shroud of Golubria
   678 | D:1      | Reached XP level 3. HP: 21/23 MP: 0/9
  1232 | D:2      | Reached XP level 4. HP: 13/29 MP: 2/12
  1442 | D:2      | Learned a level 3 spell: Spectral Weapon
  1514 | D:2      | Reached skill level 1 in Stealth
  2095 | D:3      | Found a basalt altar of Yredelemnul.
  2675 | D:4      | Noticed Blork the orc
  2698 | D:4      | Killed Blork the orc
  2698 | D:4      | Reached XP level 5. HP: 30/34 MP: 1/14
  2721 | D:4      | Reached skill level 4 in Charms
  2857 | D:4      | Reached XP level 6. HP: 28/40 MP: 0/17
  2859 | D:4      | Found Prasm's Antique Weapon Shop.
  3051 | D:4      | Paralysed by a potion of paralysis for 3 turns
  3110 | D:4      | Reached skill level 1 in Translocations
  3554 | D:4      | Noticed Eustachio
  3652 | D:5      | Entered Level 5 of the Dungeon
  3661 | D:5      | Noticed Ijyb
  3715 | D:5      | Reached XP level 7. HP: 30/45 MP: 7/19
  3720 | D:5      | Noticed Menkaure
  3759 | D:5      | Found a glowing golden altar of the Shining One.
  3844 | D:5      | Found a glowing drain.
  3907 | Sewer    | Entered a sewer
  4073 | Sewer    | HP: 2/45 [worm (5)]
  4075 | Sewer    | Slain by a big kobold

Action                   |  1- 3 |  4- 6 |  7- 9 || total
-------------------------+-------+-------+-------++-------
Melee: Falchion          |   109 |   220 |    61 ||   390
 Cast: Infusion          |    19 |    28 |     5 ||    52
       Shroud of Golubri |    10 |    12 |     1 ||    23
       Spectral Weapon   |       |    15 |     5 ||    20
       Song of Slaying   |       |     9 |     3 ||    12
 Abil: Stop Singing      |       |       |     1 ||     1
  Use: Potion            |       |     4 |     2 ||     6
       Scroll            |       |     8 |       ||     8
 Stab: Sleeping          |       |     2 |       ||     2
